 Dungeon Crawl Stone Soup version 0.29.0 (webtiles) character file.

Game seed: 7615126676527046465

641 Iusername the Covered (level 7, -3/61 HPs)
             Began as a Minotaur Fighter on Aug 24, 2022.
             Was an Initiate of Dithmenos.
             Slain by a water moccasin (5 damage)
             ... on level 5 of the Dungeon.
             The game lasted 00:08:43 (4811 turns).

Iusername the Covered (Minotaur Fighter)            Turns: 4811, Time: 00:08:43

Health: -3/61      AC: 12    Str: 22    XL:     7   Next: 26%
Magic:  6/6        EV: 10    Int:  5    God:    Dithmenos [......]
Gold:   282        SH:  4    Dex: 10    Spells: 6/6 levels left

rFire   . . .      SeeInvis .   m - +1 morningstar (protect)
rCold   . . .      Faith    .   c - +0 buckler
rNeg    . . .      Spirit   .   b - +0 scale mail
rPois   .          Reflect  .   (helmet restricted)
rElec   .          Harm     .   n - +2 cloak
rCorr   .          Rampage  .   (no gloves)
Will    .....                   q - +0 pair of boots
Stlth   ..........              (no amulet)
HPRegen 0.20/turn               (no ring)
MPRegen 0.10/turn               (no ring)

@: lethally poisoned (-3 -> -8)
A: horns 2, retaliatory headbutt
a: Renounce Religion


You were on level 5 of the Dungeon.
You worshipped Dithmenos.
Dithmenos was noncommittal.
You visited 2 branches of the dungeon, and saw 6 of its levels.

You collected 282 gold pieces.

Inventory:

Hand Weapons
 a - a +0 long sword
 m - a +1 morningstar of protection (weapon)
Armour
 b - a +0 scale mail (worn)
 c - a +0 buckler (worn)
 n - a +2 cloak (worn)
 q - a +0 pair of boots (worn)
Wands
 f - a wand of flame (14)
 o - a wand of charming (5)
Scrolls
 e - a scroll of fear {unknown}
 l - a scroll of poison {unknown}
 p - a scroll of enchant weapon {unknown}
 r - a scroll of noise {unknown}
Potions
 d - a potion of might
 g - a potion of magic
 h - 2 potions of haste
 j - 2 potions of brilliance


   Skills:
 + Level 5.1 Fighting
 + Level 3.7 Long Blades
 + Level 4.0 Maces & Flails
 + Level 6.8 Armour
 + Level 2.2 Dodging
 + Level 0.4 Stealth
 + Level 4.4 Shields


You had 6 spell levels left.
You didn't know any spells.
Your spell library contained the following spells:

 Spells                   Type           Power      Damage    Failure   Level
 Ensorcelled Hibernation  Hex/Ice        0%         N/A       94%         2
 Passwall                 Tmut/Erth      0%         N/A       94%         2
 Conjure Flame            Conj/Fire      0%         6-21      99%         3
 Ignite Poison            Fire/Tmut/Pois 0%         N/A       99%         3
 Lesser Beckoning         Tloc           0%         N/A       99%         3
 Spider Form              Tmut/Pois      0%         N/A       99%         3
 Swiftness                Air            0%         N/A       99%         3
 Sticky Flame             Conj/Fire      0%         2d3       100%        4
 Conjure Ball Lightning   Conj/Air       0%         3x3d6     100%        6
 Malign Gateway           Summ/Tloc      0%         N/A       100%        7
 Discord                  Hex            0%         N/A       100%        8
 Disjunction              Tloc           0%         N/A       100%        8


Dungeon Overview and Level Annotations

Branches:
Dungeon (5/15)             Temple (1/1) D:4

Altars:
Ashenzari
Cheibriados
Dithmenos
Elyvilon
Fedhas
Gozag
Hepliaklqana
Kikubaaqudgha
Makhleb
Nemelex Xobeh
Qazlal
Sif Muna
Trog
Uskayaw
Vehumet
Wu Jian
Xom
Yredelemnul
Zin
The Shining One

Shops:
D:1 [*   D:4 [


Innate Abilities, Weirdness & Mutations

You have a pair of horns on your head.
You reflexively headbutt those who attack you in melee.


Message History

The centaur hits you but does no damage.
The centaur kicks you but does no damage.
The water moccasin barely misses you.
You feel very mighty all of a sudden.
You feel sick. You block the centaur's attack. The centaur closely misses you.
The water moccasin bites you but does no damage.
The centaur hits you. You block the centaur's attack.
You thump the centaur!
The centaur is severely wounded.
You feel sick.
The water moccasin bites you but does no damage.
The centaur hits you but does no damage.
The centaur kicks you but does no damage.
The water moccasin bites you!
* * * LOW HITPOINT WARNING * * *
You are lethally poisoned!
The water moccasin poisons you! The centaur barely misses you.
You block the centaur's attack.
You barely miss the centaur. You headbutt the centaur!
You kill the centaur!
Dithmenos accepts your kill.
* * * LOW HITPOINT WARNING * * *
You feel very sick.
The water moccasin bites you but does no damage.
You block the water moccasin's attack.
Your Maces & Flails skill increases to level 4!
It was a potion of attraction.
You feel attractive to monsters.
* * * LOW HITPOINT WARNING * * *
You feel sick. You block the water moccasin's attack.
Your magical effects are unravelling.
You feel magically purged.
You feel a little less mighty now.
* * * LOW HITPOINT WARNING * * *
You feel sick. The water moccasin bites you.
* * * LOW HITPOINT WARNING * * *
You block the water moccasin's attack.
You feel less attractive to monsters.
* * * LOW HITPOINT WARNING * * *
You feel sick. The water moccasin bites you.
You die...

#.....†..#
##.##
###.....##
#.# ##...##
#.#
#.######.##
#.#
#........#
#.#
########.#
#.# ##'##
#.# ##...##
..# #S@...#
#.......#
#.........#
+.<.......+
#.:...$...#
##$......##
##.....##
##...##


You could see a water moccasin.

Vanquished Creatures
  Duvessa (D:4)
  A centaur (D:5)
  Blork the orc (D:4)
  A scorpion (D:4)
  Dowan (D:4)
  3 jellies (D:4)
  Terence (D:3)
  A gnoll (D:1)
  4 adders
  2 worms (D:2)
  5 dart slugs
  3 orcs
  4 bats
  8 endoplasms
  4 goblins
  5 hobgoblins
  12 jackals
  5 kobolds
  3 quokkas
  A ball python (D:2)
  2 frilled lizards (D:1)
  A rat (D:1)
69 creatures vanquished.

Notes
Turn   | Place    | Note
-------+----------+-------------------------------------------
     0 | D:1      | Iusername the Minotaur Fighter began the quest for the Orb.
     0 | D:1      | Reached XP level 1. HP: 19/19 MP: 0/0
   115 | D:1      | Reached XP level 2. HP: 20/27 MP: 1/1
   227 | D:1      | Reached skill level 4 in Armour
   430 | D:1      | Reached XP level 3. HP: 33/33 MP: 2/2
   456 | D:1      | Found Peoxi's General Store.
   719 | D:1      | Found Caghuv's Armour Shoppe.
   738 | D:1      | Got Binol's Excursus on Transposition and Shaping
  1560 | D:3      | Reached XP level 4. HP: 41/41 MP: 3/3
  1588 | D:3      | Noticed Terence
  1600 | D:3      | Killed Terence
  2429 | D:4      | Found Muuqaobb's Antique Armour Boutique.
  2488 | D:4      | Found a staircase to the Ecumenical Temple.
  2538 | Temple   | Entered the Ecumenical Temple
  2902 | Temple   | Became a worshipper of Dithmenos the Shadowed
  2972 | D:4      | Noticed Duvessa
  2972 | D:4      | Noticed Dowan
  2984 | D:4      | Killed Duvessa
  2985 | D:4      | Reached skill level 1 in Maces & Flails
  2985 | D:4      | Reached skill level 5 in Armour
  2985 | D:4      | Reached skill level 1 in Dodging
  2985 | D:4      | Reached XP level 5. HP: 28/47 MP: 4/4
  2990 | D:4      | Killed Dowan
  2991 | D:4      | Reached XP level 6. HP: 26/53 MP: 5/5
  3577 | D:4      | Noticed Blork the orc
  3585 | D:4      | Killed Blork the orc
  3586 | D:4      | Reached skill level 6 in Armour
  4299 | D:4      | Reached XP level 7. HP: 55/60 MP: 6/6
  4383 | D:4      | Reached skill level 5 in Fighting
  4751 | D:5      | Entered Level 5 of the Dungeon
  4810 | D:5      | HP: 3/61 [water moccasin (3)]
  4811 | D:5      | Slain by a water moccasin

Illustrated notes

Levels and vault maps discovered:
D:1:      wander_arrival_chamber, layout_loops_ring, serial_shops,
          nicolae_shop_behind_doors, shop_statue
D:2:      layout_basic, kennysheep_generic_room_16
D:3:      layout_loops_cross, uniq_terence
D:4:      nicolae_cairo_tiling_large, layout_cave_pools, temple_statues,
          serial_shops, nicolae_shop_hallway_plus, kennysheep_cross_room,
          dreamdust_mushroom_princess, corexii_shack, uniq_duvessa,
          uniq_blork_the_orc
D:5:      layout_loops_corners, nrook_campfire, chequers_serial_rivers_micro_d,
          columned_hall_lemuel, uniq_crazy_yiuf_cottage, uniq_eustachio
Temple:   mainiacjoe_temple_big_plus

Skill      XL: |  1  2  3  4  5  6  7 |
---------------+----------------------+-----
Armour         | 4 5 6 |  6.8
Fighting       | 4 5 |  5.1
Shields        | 4 |  4.4
Long Blades    | 3 |  3.7
Maces & Flails | 1 2 3 4 |  4.0
Dodging        | 1 2 |  2.2
Stealth        | |  0.4

Action                   |  1- 3 |  4- 6 |  7- 9 || total
-------------------------+-------+-------+-------++-------
Melee: Long sword        |    84 |    10 |       ||    94
       Headbutt          |    12 |    16 |     3 ||    31
       Morningstar       |       |    75 |    21 ||    96
  Use: Scroll            |       |     8 |       ||     8
       Potion            |       |     1 |     3 ||     4
Armor: Scale mail        |    48 |    55 |    28 ||   131
Dodge: Dodged            |    35 |    61 |    13 ||   109
Block: Buckler           |    15 |    13 |    17 ||    45
